 Dungeon Crawl Stone Soup version 0.25.1-2-g60ff931df9 (webtiles) character file.

Game seed: 11315454584119611811

750 Impeuri the Skirmisher (level 7, -2/55 HPs)
             Began as a Demonspawn Artificer on Aug 21, 2020.
             Slain by Duvessa
             ... wielding a +0 rapier
              (14 damage)
             ... on level 5 of the Dungeon.
             The game lasted 00:10:12 (5043 turns).

Impeuri the Skirmisher (Demonspawn Artificer)       Turns: 5043, Time: 00:10:14

Health: -2/55      AC:  5    Str: 13    XL:     7   Next: 48%
Magic:  9/9        EV: 12    Int: 19    God:
Gold:   294        SH:  0    Dex: 18    Spells: 6/6 levels left

rFire    . . .     SeeInvis .   j - +2 dagger (venom)
rCold    . . .     Gourm    .   (no shield)
rNeg     . . .     Faith    .   q - +0 ring mail
rPois    .         Spirit   .   (no helmet)
rElec    .         Reflect  .   (no cloak)
rCorr    +         Harm     .   (no gloves)
MR       .....                  (no boots)
Stlth    +++.......             (no amulet)
HPRegen  1.18/turn              o - +6 ring of intelligence
MPRegen  0.11/turn              w - ring of resist corrosion

@: no status effects
A: thin skeletal structure 2, powered by death 1, rot immunity
a: no special abilities


You were on level 5 of the Dungeon.
You were not hungry.

You visited 1 branch of the dungeon, and saw 5 of its levels.

You collected 294 gold pieces.

Inventory:

Hand Weapons
 j - a +2 dagger of venom (weapon)
Missiles
 h - 20 poisoned darts (quivered)
Armour
 b - a +0 leather armour
 q - a +0 ring mail (worn)
 t - a scarf of harm
Jewellery
 n - an uncursed ring of ice
 o - a +6 ring of intelligence (left hand)
 w - a ring of resist corrosion (right hand)
Wands
 c - a wand of flame (4)
 d - a wand of enslavement (15)
 e - a wand of random effects (11)
Scrolls
 m - 6 scrolls of identify
 p - a scroll of fog
 r - 2 scrolls of remove curse
 s - a scroll of amnesia
 u - 2 scrolls of immolation
 v - 3 scrolls of teleportation
 x - a scroll of magic mapping {unknown}
Potions
 g - a potion of cancellation
 i - a potion of magic {unknown}
 k - a potion of might {unknown}
 l - a potion of haste {unknown}
Comestibles
 f - 11 rations


   Skills:
 + Level 4.5 Fighting
 + Level 4.0 Short Blades
 - Level 2.3 Armour
 + Level 3.5 Dodging
 + Level 2.9 Stealth
 - Level 3.0 Evocations


You had 6 spell levels left.
You didn't know any spells.
Your spell library was empty.

Dungeon Overview and Level Annotations

Branches:
Dungeon (5/15)
 Temple: D:4-7

Altars:
Ru

Annotations:
D:5 Duvessa


Innate Abilities, Weirdness & Mutations

You have a moderately thin skeletal structure. (Dex +4, Stealth+)
You regenerate a little health from kills.
You are immune to rotting.


Message History

Duvessa is moderately wounded.
You kill Dowan!
Duvessa screams in rage.
Duvessa goes berserk!
Your Short Blades skill increases to level 4!
Duvessa hits you with a +0 rapier.
You barely miss Duvessa.
Duvessa is moderately wounded.
Duvessa hits you with a +0 rapier!
* * * LOW HITPOINT WARNING * * *
Unknown command.
Okay, then.
Okay, then.
As you read the scroll of fear, it crumbles to dust.
You assume a fearsome visage.
The bullfrog skeleton is unaffected.
The orc looks frightened!
The orc priest looks frightened!
The adder zombie is unaffected.
The adder zombie bites you.
* * * LOW HITPOINT WARNING * * *
Duvessa hits you with a +0 rapier!
You die...

......... ..#..
.##........ .... .###
.........####.## ...#
.........##...##....
#).....o##..........
#.......)...........
#....#####..........
###...# ##.........
#.#....@#######.........
#.....eZ##.##...........
#......Z....oZo.#.......
#......o.o####........##
#.......####....##...##
........# #.....##....#
................##......
.......................#
...........#####.......#


You could see Duvessa (berserk, extremely poisoned), an orc priest (fleeing), an
orc (fleeing), an adder zombie and a bullfrog skeleton.

Vanquished Creatures
  Sigmund (D:2)
  2 phantoms
  A scorpion (D:4)
  Dowan (D:5)
  An orc priest (D:4)
  Jessica (D:3)
  An orc wizard (D:3)
  A worker ant (D:4)
  4 gnolls (D:3)
  7 adders
  2 oozes (D:1)
  2 adder skeletons (D:5)
  2 worms (D:3)
  2 dart slugs
  2 leopard geckos
  12 orcs
  A ball python (D:1)
  2 giant cockroaches (D:1)
  8 hobgoblins
  4 jackals
  5 bats
  3 frilled lizards
  8 goblins
  10 kobolds
  9 rats
92 creatures vanquished.

Notes
Turn   | Place    | Note
-------+----------+-------------------------------------------
     0 | D:1      | Impeuri the Demonspawn Artificer began the quest for the
                  | Orb.
     0 | D:1      | Reached XP level 1. HP: 15/15 MP: 3/3
    79 | D:1      | Reached skill level 1 in Short Blades
   377 | D:1      | Gained mutation: You regenerate a little health from kills.
                  | [demonic ancestry]
   377 | D:1      | Reached XP level 2. HP: 21/21 MP: 4/4
   822 | D:1      | Reached XP level 3. HP: 25/27 MP: 5/5
  1477 | D:2      | Gained mutation: You have a somewhat thin skeletal
                  | structure. (Dex +2, Stealth) [demonic ancestry]
  1477 | D:2      | Reached XP level 4. HP: 34/34 MP: 6/6
  1577 | D:2      | Noticed Sigmund
  1578 | D:2      | Reached skill level 1 in Armour
  1608 | D:2      | Killed Sigmund
  1608 | D:2      | Gained mutation: You are immune to rotting. [demonic
                  | ancestry]
  1608 | D:2      | Reached XP level 5. HP: 8/41 MP: 7/7
  1914 | D:2      | Found a sacrificial altar of Ru.
  2086 | D:3      | Reached skill level 1 in Stealth
  2091 | D:3      | Reached XP level 6. HP: 47/47 MP: 8/8
  2864 | D:3      | Found a faded altar of an unknown god.
  2891 | D:3      | Noticed Jessica
  2902 | D:3      | Killed Jessica
  4323 | D:4      | Gained mutation: You have a moderately thin skeletal
                  | structure. (Dex +4, Stealth+) [demonic ancestry]
  4323 | D:4      | Reached XP level 7. HP: 51/54 MP: 9/9
  4798 | D:5      | Entered Level 5 of the Dungeon
  4866 | D:5      | Noticed Duvessa
  4866 | D:5      | Noticed Dowan
  5041 | D:5      | Killed Dowan
  5043 | D:5      | Slain by Duvessa

Illustrated notes

Levels and vault maps discovered:
D:1:      minmay_arrival_loop, layout_basic, hex_tiny, minmay_liquid_box,
          minmay_circled_x
D:2:      layout_rooms, nicolae_ru_awakened_eye, uniq_sigmund
D:3:      layout_rooms, first_ration, chequers_ecumenical_altar_twisty,
          uniq_jessica
D:4:      layout_gridville, serial_rivers, chequers_serial_rivers_micro_d,
          chequers_serial_rivers_small_b, chequers_serial_rivers_micro_c,
          chequers_serial_rivers_small_b, chequers_serial_rivers_micro_a,
          chequers_serial_rivers_marsh
D:5:      layout_cave_pools, uniq_duvessa

Skill      XL: |  1  2  3  4  5  6  7 |
---------------+----------------------+-----
Short Blades   | 1 2 3 4 |  4.0
Dodging        | 2 3 |  3.5
Fighting       | 2 3 4 |  4.5
Armour         | 2 |  2.3
Stealth        | 1 2 |  2.9
Evocations     | |  3.0

Action                   |  1- 3 |  4- 6 |  7- 9 || total
-------------------------+-------+-------+-------++-------
Melee: Short sword       |    32 |       |       ||    32
       Dagger            |    83 |   205 |    33 ||   321
Throw: Dart              |       |     4 |       ||     4
Evoke: Wand              |       |     7 |     8 ||    15
  Use: Potion            |       |     1 |       ||     1
       Scroll            |       |     7 |     1 ||     8
 Stab: Sleeping          |       |     3 |     1 ||     4
  Eat: Chunk             |     2 |     9 |     2 ||    13
Armor: Leather armour    |    21 |       |       ||    21
       Ring mail         |    18 |    62 |     8 ||    88
Dodge: Dodged            |    62 |    94 |    12 ||   168
